AoeStats
← 布丁

Black Forest

504251348Analyzed
4v4 RM · 27d ago on Sep 4, 2026· 50m 36s· 8 players
Game mode
Random Map
Map size
Large (8 player)
Population
200
Speed
Normal
Resources
Standard
Victory
Conquest
Starting age
Dark Age
Ending age
Imperial Age
RankedLock teamsTeams togetherTeam positionsShared explorationLock speedFull tech treeHidden civsTurbo modeCheats
Victory
Defeat
🇩🇪 Teutons · Germany
884
+16
🇩🇪 Cumans · Germany
856
+18
🇲🇽 Spanish · Mexico
848
+18
🇩🇪 Persians · Germany
821
+19
🇹🇼 Spanish · Taiwan
934
-19
🇹🇼 Goths · Taiwan
917
-51
🇨🇳 Bulgarians · China
884
-17
🇨🇳 Franks · China
842
-16
板蓝根
6:39 Loom
15:01 Feudal Age
21:12 Double-Bit Axe
21:12 Horse Collar
24:58 Wheelbarrow
24:31 Town Watch
29:18 Castle Age
27:49 Gold Mining
27:52 Stone Mining
28:19 Fletching
28:40 Forging
28:32 Scale Mail Armor
30:32 Bow Saw
30:26 Heavy Plow
30:44 Hand Cart
30:30 Town Patrol
32:34 Stone Shaft Mining
31:27 Pikeman
33:00 Elite Skirmisher
33:42 Squires
33:28 Arson
35:09 Gold Shaft Mining
41:42 Imperial Age
45:25 Bodkin Arrow
46:06 Iron Casting
45:47 Chain Mail Armor
45:37 Scale Barding Armor
45:32 Padded Archer Armor
46:39 Halberdier
48:37 Gambesons
50:28 Iron Casting
50:09 Chain Mail Armor
金牌嘴炮选手
12:57 Feudal Age
19:29 Castle Age
28:30 Loom
29:55 Double-Bit Axe
32:14 Wheelbarrow
36:18 Imperial Age
35:26 Forging
35:23 Scale Barding Armor
35:38 Hand Cart
35:37 Bow Saw
35:29 Gold Mining
35:29 Stone Mining
35:48 Husbandry
36:16 Ballistics
35:55 Murder Holes
36:11 Masonry
37:07 Iron Casting
36:53 Chain Barding Armor
37:03 Chivalry
37:23 Conscription
36:27 Cavalier
36:56 Pikeman
37:38 Squires
38:47 Blast Furnace
38:24 Plate Barding Armor
37:17 Light Cavalry
40:07 Gold Shaft Mining
39:24 Town Watch
39:03 Paladin
40:25 Hoardings
40:07 Siege Engineers
41:02 Chemistry
41:15 Caravan
bryant200120
0:57 Loom
4:59 Loom
11:34 Feudal Age
16:39 Castle Age
15:30 Double-Bit Axe
15:46 Gold Mining
16:28 Horse Collar
23:43 Heavy Plow
24:29 Wheelbarrow
29:02 Imperial Age
28:15 Bow Saw
29:06 Hand Cart
28:36 Town Watch
31:24 Town Patrol
31:22 Stone Mining
32:08 Conscription
32:44 Sanctity
33:06 Theocracy
32:36 Inquisition
33:11 Caravan
33:37 Ballistics
34:27 Two-Man Saw
34:56 Elite Conquistador
36:43 Scale Barding Armor
36:29 Fletching
36:40 Padded Archer Armor
36:07 Capped Ram
39:23 Siege Ram
41:11 Chain Barding Armor
41:02 Forging
40:53 Scale Mail Armor
44:00 Stone Shaft Mining
44:49 Plate Barding Armor
44:51 Iron Casting
44:12 Bodkin Arrow
44:32 Leather Archer Armor
布丁
0:33 Loom
14:08 Feudal Age
15:29 Wheelbarrow
18:56 Castle Age
17:12 Horse Collar
17:37 Double-Bit Axe
26:24 Hand Cart
29:49 Bow Saw
29:44 Heavy Plow
29:48 Town Watch
34:01 Imperial Age
31:39 Scale Mail Armor
31:50 Forging
31:43 Gold Mining
31:45 Stone Mining
32:52 Caravan
33:23 Anarchy
32:53 Pikeman
33:35 Squires
34:22 Iron Casting
35:56 Blast Furnace
37:20 Chain Mail Armor
38:07 Halberdier
40:27 Fletching
43:37 Onager
Zeus GX
10:28 Feudal Age
19:40 Castle Age
17:26 Horse Collar
17:57 Double-Bit Axe
19:29 Gold Mining
20:23 Wheelbarrow
20:50 Loom
29:35 Imperial Age
27:43 Hand Cart
27:40 Heavy Plow
27:54 Stone Mining
28:56 Town Watch
30:21 Bloodlines
30:14 Husbandry
30:35 Bow Saw
31:30 Conscription
32:14 Chemistry
31:35 Ballistics
31:29 Caravan
32:32 Pikeman
33:12 Squires
32:36 Cavalier
33:01 Elite Conquistador
34:43 Fletching
34:58 Scale Barding Armor
36:00 Two-Man Saw
39:21 Forging
39:32 Chain Barding Armor
41:31 Bodkin Arrow
41:37 Padded Archer Armor
42:12 Iron Casting
42:13 Plate Barding Armor
41:46 Paladin
43:33 Leather Archer Armor
43:20 Bracer
46:39 Blast Furnace
46:29 Murder Holes
46:45 Masonry
49:37 Ring Archer Armor
madmax
0:28 Loom
13:44 Feudal Age
14:31 Double-Bit Axe
14:29 Horse Collar
15:01 Gold Mining
20:12 Wheelbarrow
19:47 Stone Mining
25:58 Scale Barding Armor
26:04 Forging
28:42 Castle Age
28:33 Fletching
29:05 Bloodlines
28:59 Padded Archer Armor
30:15 Hand Cart
30:43 Gold Shaft Mining
30:22 Bow Saw
30:17 Heavy Plow
29:45 Light Cavalry
30:31 Caravan
32:31 Chain Barding Armor
32:47 Iron Casting
34:24 Ballistics
33:59 Murder Holes
34:15 Masonry
34:55 Steppe Husbandry
37:52 Imperial Age
36:26 Leather Archer Armor
36:07 Bodkin Arrow
37:26 Heated Shot
38:39 Thumb Ring
39:37 Ring Archer Armor
38:34 Elite Kipchak
40:21 Chemistry
38:56 Hussar
40:03 Conscription
40:21 Plate Barding Armor
40:47 Blast Furnace
40:53 Cuman Mercenaries
41:29 Hoardings
41:32 Crop Rotation
42:06 Two-Man Saw
41:19 Guilds
41:40 Coinage
41:56 Parthian Tactics
42:27 Capped Ram
43:22 Onager
43:23 Siege Ram
43:57 Town Watch
44:34 Squires
44:19 Arson
43:55 Pikeman
44:39 Scale Mail Armor
44:11 Sappers
44:31 Elite Steppe Lancer
48:18 Elite Skirmisher
48:19 Crossbowman
48:20 Heavy Cavalry Archer
baeda-frank-tsg
0:29 Loom
11:35 Feudal Age
12:15 Double-Bit Axe
19:32 Castle Age
17:24 Horse Collar
20:28 Wheelbarrow
20:39 Bow Saw
24:22 Gold Mining
26:46 Heavy Plow
28:31 Hand Cart
29:34 Pikeman
31:01 Caravan
31:06 Stone Mining
31:09 Fletching
31:20 Scale Mail Armor
31:31 Forging
31:26 Padded Archer Armor
31:19 Town Watch
36:02 Imperial Age
33:49 Fortified Wall
34:19 Chain Mail Armor
34:55 Squires
34:58 Bodkin Arrow
35:20 Leather Archer Armor
36:15 Iron Casting
35:47 Scale Barding Armor
35:33 Elite Skirmisher
36:28 Onager
38:00 Conscription
38:03 Siege Engineers
39:41 Two-Man Saw
39:18 Plate Mail Armor
40:23 Chemistry
40:06 Ironclad
40:27 Crop Rotation
40:35 Elite Teutonic Knight
42:28 Blast Furnace
42:05 Ballistics
42:48 Heavy Scorpion
47:13 Siege Onager
nosound
0:33 Loom
12:26 Feudal Age
12:51 Double-Bit Axe
13:10 Horse Collar
14:08 Wheelbarrow
13:18 Town Watch
15:16 Gold Mining
15:19 Stone Mining
23:29 Castle Age
22:47 Forging
22:38 Scale Mail Armor
22:44 Scale Mail Armor
23:38 Scale Barding Armor
24:11 Heavy Plow
24:37 Bow Saw
25:50 Hand Cart
26:59 Gold Shaft Mining
28:16 Town Patrol
31:08 Stone Shaft Mining
33:55 Iron Casting
33:35 Chain Mail Armor
38:08 Imperial Age
36:28 Chain Mail Armor
36:22 Kamandaran
36:54 Husbandry
37:08 Caravan
37:42 Coinage
38:28 Chain Barding Armor
39:09 Crop Rotation
39:41 Two-Man Saw
40:18 Blast Furnace
39:49 Plate Mail Armor
39:47 Guilds
39:27 Elite War Elephant
40:50 Banking
41:04 Citadels
41:40 Plate Mail Armor
41:54 Conscription
41:05 Sappers
42:51 Hoardings
44:11 Plate Barding Armor
43:36 Padded Archer Armor
43:27 Fletching
43:02 Cavalier
47:10 Heated Shot
47:41 Ballistics
48:21 Chemistry
47:32 Masonry
47:18 Murder Holes
49:40 Savar
Connection lost

Rejoining the realm…

Still unreachable

The connection could not be restored.

Session expired

The server has moved on; the page needs a fresh start.